 Dungeon Crawl Stone Soup version 0.28-b1-70-g80dc712255 (webtiles) character file.

Game seed: 2636683678974406808

3211 crazypyro the Cleaver (level 9, -17/68 HPs)
             Began as a Demonspawn Fighter on Feb 3, 2022.
             Was a Believer of Okawaru.
             Demolished by a two-headed ogre (23 damage)
             ... on level 9 of the Dungeon.
             The game lasted 00:14:52 (10906 turns).

crazypyro the Cleaver (Demonspawn Fighter)         Turns: 10906, Time: 00:14:53

Health: -17/68     AC: 15    Str: 23    XL:     9   Next: 65%
Magic:  9/9        EV:  9    Int:  9    God:    Okawaru [**....]
Gold:   407        SH:  9    Dex: 13    Spells: 8/8 levels left

rFire   + . .      SeeInvis .   a - +0 war axe
rCold   . . .      Faith    .   c - +0 buckler
rNeg    . . .      Spirit   .   n - +0 chain mail
rPois   .          Reflect  .   F - +0 helmet
rElec   .          Harm     .   (no cloak)
rCorr   .          Rampage  .   (no gloves)
Will    +....                   (no boots)
Stlth   ..........              (no amulet)
HPRegen 0.21/turn               E - ring of willpower
MPRegen 0.11/turn               f - ring of protection from fire

@: no status effects
A: icemail 1, condensation shield, demonic magic 1, weakness stinger 1, strong 1
a: Renounce Religion, Heroism


You were on level 9 of the Dungeon.
You worshipped Okawaru.
Okawaru was pleased with you.
You visited 2 branches of the dungeon, and saw 10 of its levels.
You also visited: Ossuary.

You collected 407 gold pieces.

Inventory:

Hand Weapons
 a - a +0 war axe (weapon)
 I - a +1 morningstar of protection
Missiles
 z - a throwing net (quivered)
Armour
 b - a +0 scale mail
 c - a +0 buckler (worn)
 n - a +0 chain mail (worn)
 F - a +0 helmet (worn)
Jewellery
 e - a ring of wizardry
 f - a ring of protection from fire (right hand)
 i - a ring of positive energy
 t - a +6 ring of intelligence
 v - a ring of magical power
 C - a ring of ice
 E - a ring of willpower (left hand)
Wands
 m - a wand of iceblast (8)
 x - a wand of digging (7)
 A - a wand of acid (8)
Scrolls
 l - a scroll of noise
 q - 2 scrolls of vulnerability {unknown}
 r - 7 scrolls of identify
 s - 3 scrolls of teleportation
 y - 2 scrolls of blinking
 B - a scroll of enchant armour {unknown}
Potions
 d - 2 potions of might
 g - 2 potions of resistance {unknown}
 h - 3 potions of magic
 j - 3 potions of cancellation
 k - a potion of heal wounds
 o - a potion of berserk rage
 p - 2 potions of flight {unknown}
 u - 5 potions of curing
 w - a potion of brilliance {unknown}
 D - a potion of lignification {unknown}
 G - a potion of haste {unknown}
 H - a potion of mutation
 J - a potion of degeneration {unknown}


   Skills:
 + Level 5.2 Fighting
 * Level 8.9 Axes
 + Level 5.9 Armour
 - Level 3.0 Dodging
 + Level 5.9 Shields


You had 8 spell levels left.
You didn't know any spells.
Your spell library contained the following spells:

 Spells                   Type           Power      Damage    Failure   Level
 Sublimation of Blood     Necr           0%         N/A       99%         2
 Wereblood                Tmut           0%         N/A       99%         2
 Blade Hands              Tmut           0%         N/A       100%        5
 Irradiate                Conj/Tmut      0%         3d13      100%        5
 Dragon Form              Tmut           0%         N/A       100%        7
 Summon Hydra             Summ           Unusable   N/A       N/A         7

Dungeon Overview and Level Annotations

Branches:
Dungeon (9/15)             Temple (1/1) D:5            Lair (0/6) D:8
Ossuary (visited)
    Orc: D:9-12

Altars:
Ashenzari
Cheibriados
Dithmenos
Elyvilon
Fedhas
Gozag
Hepliaklqana
Kikubaaqudgha
Makhleb
Okawaru
Qazlal
Sif Muna
Trog
Uskayaw
Vehumet
Wu Jian
Xom
Yredelemnul
Zin
The Shining One

Shops:
D:1 *

Annotations:
D:5 3 runed translucent doors, zeram's ghost, novice OpFi


Innate Abilities, Weirdness & Mutations

A meltable icy envelope protects you from harm. (AC +4)
A meltable shield of frost defends you. (SH +4)
Spells you cast may paralyse adjacent enemies.
You have a small tail.
Your muscles are strong. (Str +2)


Message History

A two-headed ogre comes into view.
It is wielding a +0 giant club and a +0 dire flail.
There is an open door here.
You fail to use your ability.
The two-headed ogre hits you with a +0 giant club!!
The two-headed ogre hits you with a +0 dire flail.
You hit the two-headed ogre.
The two-headed ogre is lightly wounded.
The two-headed ogre hits you but does no damage. x2
You barely miss the two-headed ogre.
The two-headed ogre is lightly wounded.
You block the two-headed ogre's attack.
The two-headed ogre hits you with a +0 dire flail!
You slash the two-headed ogre!
The two-headed ogre is moderately wounded.
The two-headed ogre barely misses you.
The two-headed ogre hits you with a +0 dire flail!
* * * LOW HITPOINT WARNING * * *
You hit the two-headed ogre.
The two-headed ogre is moderately wounded.
You slash the two-headed ogre!
The two-headed ogre is severely wounded.
The two-headed ogre closely misses you. The two-headed ogre barely misses you.
You hit the two-headed ogre.
The two-headed ogre is severely wounded.
You block the two-headed ogre's attack.
The two-headed ogre hits you but does no damage.
You hit the two-headed ogre but do no damage.
The two-headed ogre is severely wounded.
The two-headed ogre hits you with a +0 giant club!
* * * LOW HITPOINT WARNING * * *
The two-headed ogre barely misses you.
You feel much better.
The two-headed ogre hits you with a +0 giant club!
* * * LOW HITPOINT WARNING * * *
The two-headed ogre hits you with a +0 dire flail!
* * * LOW HITPOINT WARNING * * *
You barely miss the two-headed ogre. You tail-slap the two-headed ogre.
The two-headed ogre is severely wounded.
The two-headed ogre hits you with a +0 giant club!!
You die...

#. #.#+### .#
#O....### ..#
.......###..
#.......... #
##.####....##..#..#
..............>#..#
.....###'###O).#..####
.....'.....@.........#
.....###.###.#..#....
### #........#..#
#####.#..#..#
#..........#
#.##.#..##.###.#
#.##.#.........#
#.#......#.#####.#
#.##.#.#.........#


You could see a two-headed ogre.

Vanquished Creatures
  A wraith (D:7)
  Eustachio (D:4)
  2 water moccasins
  2 wargs (D:8)
  An orc warrior (D:8)
  2 sky beasts
  A necrophage (D:4)
  A phantom (D:5)
  3 centaurs
  A bullfrog (D:7)
  2 kobold brigands
  2 scorpions
  A water moccasin zombie (D:6)
  6 killer bees (D:8)
  A bullfrog zombie (D:5)
  2 human zombies (Ossuary)
  6 centaur zombies
  3 orc priests
  A bullfrog skeleton (D:7)
  2 centaur skeletons (D:6)
  2 hounds
  2 gnoll shamans
  An iguana (D:3)
  6 orc wizards
  2 mummies (Ossuary)
  2 howler monkey zombies (D:6)
  Robin (D:4)
  4 adders
  9 gnolls
  A white imp (D:5)
  An ufetubus (D:5)
  An adder zombie (Ossuary)
  An adder skeleton (D:5)
  4 dart slugs
  22 orcs
  9 bats
  12 endoplasms
  4 giant cockroaches
  12 hobgoblins
  7 jackals
  9 quokkas
  9 ball pythons
  6 frilled lizards
  19 goblins
  5 hobgoblin zombies (Ossuary)
  2 jackal zombies (Ossuary)
  17 kobolds
  9 kobold zombies (Ossuary)
  12 orc zombies (Ossuary)
  A quokka skeleton (D:4)
  4 rats
  2 rat zombies (Ossuary)
  A bush (D:3)
240 creatures vanquished.

Vanquished Creatures (others)
  5 plants (D:3)
5 creatures vanquished.

Grand Total: 245 creatures vanquished

Notes
Turn   | Place    | Note
-------+----------+-------------------------------------------
     0 | D:1      | crazypyro the Demonspawn Fighter began the quest for the
                  | Orb.
     0 | D:1      | Reached XP level 1. HP: 18/18 MP: 1/1
    71 | D:1      | Reached skill level 2 in Axes
   246 | D:1      | Gained mutation: A meltable shield of frost defends you.
                  | (SH +4) [demonic ancestry]
   246 | D:1      | Reached XP level 2. HP: 23/24 MP: 2/2
   608 | D:1      | Reached XP level 3. HP: 28/29 MP: 3/3
   925 | D:1      | Reached skill level 3 in Axes
   980 | D:1      | Found Genoqoi's General Store.
  1378 | D:2      | Reached XP level 4. HP: 23/35 MP: 4/4
  1630 | D:2      | Found a faded altar of an unknown god.
  2340 | D:3      | Reached skill level 4 in Axes
  2543 | D:3      | Gained mutation: Your muscles are strong. (Str +2) [potion
                  | of mutation]
  2639 | D:3      | Gained mutation: Spells you cast may paralyse adjacent
                  | enemies. [demonic ancestry]
  2639 | D:3      | Reached XP level 5. HP: 41/41 MP: 5/5
  3051 | D:4      | Reached skill level 5 in Axes
  3333 | D:4      | Noticed Robin
  3349 | D:4      | Killed Robin
  3350 | D:4      | Reached XP level 6. HP: 46/47 MP: 6/6
  3489 | D:4      | Reached skill level 1 in Dodging
  3833 | D:5      | Entered Level 5 of the Dungeon
  3833 | D:5      | Noticed Eustachio
  3837 | D:5      | Noticed a water moccasin
  3850 | D:4      | Killed a water moccasin
  4004 | D:4      | Killed Eustachio
  4005 | D:4      | Gained mutation: A meltable icy envelope protects you from
                  | harm. (AC +4) [demonic ancestry]
  4005 | D:4      | Reached XP level 7. HP: 40/52 MP: 7/7
  4478 | D:4      | Reached skill level 6 in Axes
  4580 | D:5      | Noticed zeram's ghost (novice OpFi)
  4580 | D:5      | Noticed a yak
  4588 | D:5      | Found a runed translucent gate.
  4588 | D:5      | Found a runed translucent gate.
  4592 | D:5      | Found a runed translucent gate.
  4884 | D:5      | Found a staircase to the Ecumenical Temple.
  4896 | D:5      | Reached XP level 8. HP: 37/58 MP: 8/8
  5014 | Temple   | Entered the Ecumenical Temple
  5330 | Temple   | Became a worshipper of Warmaster Okawaru
  6027 | D:6      | Reached skill level 7 in Axes
  7516 | D:7      | Reached * piety under Okawaru
  7754 | D:7      | Reached skill level 5 in Shields
  7778 | D:7      | Reached skill level 5 in Armour
  7789 | D:7      | Found a sand-covered staircase.
  7796 | Ossuary  | Entered an ossuary
  8077 | Ossuary  | Discovered your monstrous ancestry.
  8077 | Ossuary  | Gained mutation: You have a small tail. [demonic ancestry]
  8077 | Ossuary  | Reached XP level 9. HP: 48/65 MP: 9/9
  8405 | D:7      | Reached skill level 8 in Axes
  9215 | D:7      | Found an ornate altar of the Wu Jian Council.
  9555 | D:8      | Reached ** piety under Okawaru
  9775 | D:8      | Found a staircase to the Lair.
  9894 | D:8      | Reached skill level 5 in Fighting
 10887 | D:9      | Noticed a two-headed ogre
 10904 | D:9      | HP: 3/68 [two-headed ogre (17)]
 10906 | D:9      | Demolished by a two-headed ogre

Illustrated notes

Levels and vault maps discovered:
D:1:      saegor_arrival_simple_d, layout_basic, serial_shops,
          nicolae_shop_advertising_works [nicolae_subvault_shop_adworks],
          dk_noncrumbling_3, minmay_pentomino_s4
D:2:      layout_rooms, basic_ecumenical_altar
D:3:      layout_loops_ring, serial_forest, infiniplex_forest_straight_4,
          infiniplex_forest_clump_long, infiniplex_forest_clump_medium,
          infiniplex_forest_straight_1, infiniplex_forest_join,
          infiniplex_forest_straight_2, infiniplex_forest_clump_curved
D:4:      layout_basic, minmay_crystal_water, uniq_robin
D:5:      layout_cave_pools, minmay_temple_entry_antechambers,
          gammafunk_ghost_split, uniq_eustachio
D:6:      layout_basic, minivault_27, kennysheep_nub
D:7:      layout_basic, lemuel_tele_altar, lightli_ossuary_entry_decrepit_ruins
D:8:      nicolae_BIG_FREAKIN_CUBE, layout_layer_cave,
          erik_lair_orcish_takeover, dk_vineyard_3, dk_noncrumbling_2
D:9:      layout_basic, minmay_fire_ice_demons
Temple:   mainiacjoe_temple_trianglar_array

Skill      XL: |  1  2  3  4  5  6  7  8  9 |
---------------+----------------------------+-----
Axes           | 2 3 4 5 6 7 8 |  8.9
Armour         | 3 4 5 |  5.9
Shields        | 3 4 5 |  5.9
Dodging        | 1 2 3 |  3.0
Fighting       | 4 5 |  5.2

Action                   |  1- 3 |  4- 6 |  7- 9 || total
-------------------------+-------+-------+-------++-------
Melee: War axe           |   122 |   181 |   555 ||   858
       Tailslap          |       |       |    18 ||    18
Invok: Heroism           |       |       |     3 ||     3
  Use: Scroll            |       |     5 |     5 ||    10
       Potion            |       |     2 |     3 ||     5
Armor: Scale mail        |    68 |    23 |       ||    91
       Chain mail        |       |    59 |   278 ||   337
Dodge: Dodged            |    48 |    65 |   211 ||   324
Block: Buckler           |    72 |   103 |   274 ||   449
